Map: Dusk Towers

Players

McRiggins - Winner!

  • Race: Zerg Zerg
  • League: Master

Miszu

  • Race: Terran Terran
  • League: Master

VOD

Have the link to the VOD?

Description

Time

  • Played on: March 10, 2016, 6:14 p.m.
  • Length: 3:00
Show
View Real Time Build Order
Export as new Build Order

McRiggins Zerg - Winner!

Build Orders: Pool Only 

Get SALT Encoding   

  12  0:01  Drone  
  13  0:09  Drone  
  14  0:15  Extractor  
  14  0:16  Drone  
  14  0:32  Spawning Pool  
  14  0:35  Drone  
  14  0:44  Overlord  
  14  1:02  Drone x3  
  17  1:18  Metabolic Boost  
  17  1:22  Queen  
  19  1:26  Zergling x2  
  19  1:30  Zergling x2  
  21  1:38  Baneling Nest  
  20  1:42  Zergling x2  
  21  1:50  Overlord  
  21  2:10  Zergling x4, Queen  
  23  2:23  Zergling x2  
  23  2:31  Zergling x2  
  23  2:32  Zergling x6  
  26  2:43  Zergling x2  
Show
View Real Time Build Order
Export as new Build Order

Miszu Terran 

Build Orders:  

Get SALT Encoding   

  12  0:01  SCV  
  13  0:13  SCV  
  14  0:19  Supply Depot  
  14  0:25  SCV  
  15  0:41  Barracks  
  15  0:52  Barracks  
  15  1:05  Barracks  
  15  1:28  Marine  
  15  1:30  Barracks  
  16  1:38  Marine  
  16  1:39  Supply Depot  
  17  1:46  Marine  
  18  1:52  Marine  
  19  1:56  Marine  
  20  2:03  Marine  
  21  2:10  Marine  
  21  2:14  Marine  
  23  2:21  Marine  
  22  2:24  Marine  
  22  2:28  Marine  
  24  2:32  Marine  
  24  2:39  Marine  
  24  2:42  Marine  
Tags
 
Add a new tag
Caveats
  • Supply blocks, unpowered buildings, or Contaminate may cause inaccurate times.
  • Supply counts are checked every 10 seconds.